Map: Goldenaura LE

Players

Mcimba

  • Race: Protoss Protoss
  • League: Diamond
  • Spawn Location: 12:00

Mindful - Winner!

  • Race: Terran Terran
  • Spawn Location: 5:00

VOD

Have the link to the VOD?

Description

TvP cyclone opener - ebay block

Time

  • Played on: Oct. 14, 2023, 6:22 a.m.
  • Length: 15:10
Show
View Real Time Build Order
Export as new Build Order

Mcimba Protoss 

Build Orders: 1 Gate Expand 

Get SALT Encoding   

  12  0:00  Probe  
  13  0:12  Probe  
  14  0:17  Pylon  
  14  0:24  Probe  
  15  0:37  Probe  
  15  0:40  Gateway  
  16  0:49  Probe  
  17  1:01  Probe  
  17  1:24  Nexus  
  17  1:27  Cybernetics Core  
  17  1:33  Assimilator  
  17  1:38  Assimilator  
  17  1:45  Pylon  
  17  1:49  Probe (Chrono Boost)  
  18  1:59  Probe (Chrono Boost)  
  19  2:04  Probe (Chrono Boost)  
  19  2:07  Adept (Chrono Boost)  
  22  2:16  Probe  
  23  2:24  Warp Gate  
  23  2:28  Probe  
  23  2:29  Adept  
  26  2:36  Probe  
  27  2:40  Probe  
  28  2:48  Probe  
  29  2:51  Pylon  
  29  2:52  Probe  
  30  2:59  Adept  
  30  3:00  Probe  
  30  3:04  Probe  
  34  3:15  Probe  
  34  3:16  Probe  
  36  3:27  Probe  
  36  3:28  Probe, Pylon  
  36  3:31  Twilight Council  
  38  3:36  Robotics Facility  
  38  3:41  Shield Battery  
  38  4:00  Gateway  
  38  4:01  Gateway  
  38  4:02  Gateway  
  32  4:20  Shield Battery  
  32  4:21  Immortal (Chrono Boost), Stalker  
  38  4:28  Probe x2  
  38  4:31  Pylon  
  40  4:37  Pylon  
  40  4:51  Stalker  
  40  4:54  Stalker  
  40  4:55  Stalker  
  42  5:00  Probe x2 (Chrono Boost)  
  44  5:09  Blink (Chrono Boost), Immortal  
  44  5:12  Probe (Chrono Boost)  
  50  5:18  Probe (Chrono Boost)  
  50  5:20  Probe (Chrono Boost)  
  51  5:25  Probe (Chrono Boost)  
  51  5:27  Stalker  
  54  5:29  Stalker  
  54  5:34  Stalker  
  58  5:38  Stalker  
  58  5:40  Probe  
  61  5:48  Forge  
  61  5:52  Pylon  
  61  5:54  Stalker  
  60  6:10  Stalker  
  60  6:11  Stalker x2  
  66  6:18  Probe  
  66  6:19  Probe  
  66  6:20  Assimilator  
  66  6:23  Observer  
  69  6:30  Gateway  
  69  6:32  Probe x2  
  71  6:35  Assimilator  
  71  6:41  Protoss Ground Weapons Level 1 (Chrono Boost)  
  71  6:44  Probe x2  
  73  6:50  Stalker  
  73  6:51  Stalker  
  77  6:56  Probe x2  
  79  7:05  Pylon  
  79  7:07  Nexus  
  79  7:11  Probe, Pylon  
  79  7:12  Probe  
  81  7:17  Robotics Bay  
  81  7:21  Pylon  
  81  7:27  Robotics Facility  
  81  7:33  Stalker  
  81  7:35  Stalker  
  82  7:40  Probe  
  82  7:41  Probe  
  83  7:56  Probe x2  
  85  8:06  Observer  
  85  8:08  Probe  
  85  8:09  Probe  
  88  8:18  Gateway  
  88  8:20  Gateway, Probe  
  88  8:21  Probe x2  
  91  8:28  Observer  
  91  8:30  Disruptor  
  91  8:33  Probe  
  97  8:45  Stalker x2  
  97  8:46  Stalker  
  103  8:48  Disruptor  
  103  8:54  Probe x3  
  110  9:06  Probe  
  110  9:07  Disruptor  
  115  9:24  Disruptor  
  115  9:39  Stalker  
  115  9:40  Stalker x3  
  115  9:43  Disruptor  
  72  10:19  Stalker  
  72  10:20  Stalker x3  
  70  10:21  Stalker  
  70  10:22  Stalker x2  
  70  10:23  Probe  
  70  10:24  Probe x2  
  70  10:27  Disruptor (Chrono Boost)  
  75  10:35  Probe  
  75  10:36  Probe x2  
  78  10:51  Stalker x3  
  78  10:52  Stalker x4  
  71  11:16  Stalker x4  
  71  11:17  Stalker  
  78  11:21  Assimilator  
  78  11:25  Assimilator  
  78  11:37  Probe x2  
  80  11:52  Adept x5  
  80  11:53  Adept  
  92  11:58  Stalker  
  94  12:09  Probe x2  
  82  12:28  Adept x4  
  82  12:29  Adept x2  
  90  12:31  Stalker  
  92  12:38  Pylon  
  92  12:40  Probe x2  
  92  12:44  Pylon  
  90  12:56  Disruptor  
  90  13:12  Adept x2  
  84  13:13  Stalker x5  
  84  13:19  Nexus  
  94  13:22  Pylon  
  94  13:36  Disruptor  
  98  13:43  Probe x2  
  100  13:55  Probe x2  
  98  13:56  Photon Cannon x2  
  98  14:00  Pylon x2  
  99  14:04  Stalker  
  99  14:05  Stalker x2  
  99  14:07  Disruptor  
  103  14:18  Stalker x2  
  103  14:19  Adept x2  
  91  14:55  Stalker  
  91  14:56  Zealot x4  
  91  14:57  Zealot  
Show
View Real Time Build Order
Export as new Build Order

Mindful Terran - Winner!

Build Orders: 2 Factory, Reaper Expand, Mech 

Get SALT Encoding   

  12  0:01  SCV  
  14  0:14  SCV  
  14  0:17  Supply Depot  
  14  0:26  SCV  
  15  0:39  Barracks, SCV  
  16  0:44  Refinery  
  16  0:51  SCV  
  17  1:03  SCV  
  18  1:15  Engineering Bay  
  18  1:22  SCV  
  19  1:33  Reaper  
  19  1:37  Orbital Command  
  20  1:53  Command Center  
  19  2:04  Supply Depot, SCV  
  20  2:15  Factory  
  20  2:18  SCV  
  20  2:22  Barracks Reactor  
  21  2:29  Refinery  
  21  2:30  SCV  
  22  2:43  SCV  
  23  2:55  SCV  
  24  3:06  Cyclone x2  
  24  3:07  SCV  
  24  3:09  Orbital Command  
  29  3:19  SCV  
  30  3:24  Factory  
  30  3:25  Refinery  
  30  3:31  SCV  
  31  3:37  SCV  
  31  3:38  Cyclone  
  31  3:40  Cyclone  
  36  3:44  SCV  
  36  3:47  Barracks Reactor  
  36  3:48  Supply Depot  
  37  3:53  SCV  
  37  3:56  SCV  
  38  4:05  SCV  
  38  4:08  SCV  
  40  4:10  Supply Depot  
  40  4:17  SCV  
  40  4:18  Cyclone  
  40  4:20  SCV  
  44  4:29  SCV  
  44  4:31  Cyclone x2  
  49  4:33  SCV  
  49  4:37  Cyclone  
  52  4:38  Supply Depot  
  52  4:41  SCV  
  52  4:43  Barracks Tech Lab  
  52  4:45  SCV  
  54  4:53  SCV  
  54  4:58  Cyclone  
  54  4:59  SCV  
  58  5:03  Cyclone  
  58  5:05  Factory, SCV  
  58  5:06  Supply Depot  
  61  5:11  Cyclone, SCV  
  61  5:12  Cyclone  
  66  5:17  SCV  
  66  5:19  Supply Depot  
  66  5:21  Armory  
  67  5:25  SCV  
  68  5:29  SCV  
  68  5:31  Cyclone, Supply Depot  
  71  5:36  Cyclone  
  71  5:38  SCV  
  71  5:41  SCV, Supply Depot  
  75  5:48  Engineering Bay  
  75  5:50  SCV  
  75  5:52  Cyclone  
  78  6:04  Siege Tank  
  79  6:05  Hellion, SCV  
  79  6:06  Hurricane Engines  
  79  6:08  SCV  
  79  6:10  Refinery  
  83  6:16  Hellion x2, Supply Depot  
  88  6:21  Terran Vehicle Weapons Level 1  
  88  6:23  Supply Depot  
  87  6:35  Cyclone x2  
  87  6:39  Siege Tank  
  94  6:40  Command Center  
  94  6:41  SCV  
  94  6:45  SCV  
  96  6:47  Missile Turret  
  96  6:53  SCV  
  97  6:57  Missile Turret, SCV  
  97  6:59  Missile Turret  
  98  7:01  Cyclone  
  98  7:02  Cyclone  
  98  7:05  SCV  
  103  7:10  Barracks Reactor  
  103  7:11  SCV  
  103  7:15  Siege Tank, Factory  
  107  7:17  SCV  
  107  7:18  Missile Turret  
  107  7:21  Missile Turret  
  108  7:23  SCV  
  110  7:30  Supply Depot, SCV  
  110  7:31  Supply Depot  
  110  7:35  Hellion x2  
  114  7:42  Hellion x2  
  112  7:45  SCV x2  
  112  7:47  Hellion, Infernal Pre-Igniter  
  116  7:51  Orbital Command  
  116  7:57  SCV  
  117  8:04  SCV  
  117  8:05  Factory  
  118  8:06  Refinery x2  
  118  8:08  Hellion x3  
  124  8:13  Cyclone  
  124  8:14  Siege Tank  
  124  8:15  SCV  
  124  8:18  SCV x2  
  132  8:20  Supply Depot  
  132  8:23  Cyclone x2  
  136  8:27  Terran Vehicle And Ship Armor Level 1  
  136  8:29  Factory  
  136  8:38  Cyclone, Hellion  
  140  8:43  Supply Depot x2  
  140  8:48  Thor  
  146  8:50  Cyclone, Supply Depot  
  146  8:51  Supply Depot  
  148  9:01  Cyclone x2  
  146  9:03  Cyclone  
  146  9:06  Factory Tech Lab  
  148  9:10  SCV  
  148  9:11  Factory, SCV  
  148  9:12  Cyclone, Hellion  
  148  9:14  Factory Tech Lab  
  152  9:27  Siege Tank, Sensor Tower, Missile Turret  
  152  9:30  Command Center  
  155  9:37  SCV x2  
  156  9:43  Command Center  
  155  9:50  Siege Tank x2  
  155  9:51  Cyclone x2  
  153  10:03  Siege Tank  
  136  10:08  Hellion  
  136  10:09  Factory Tech Lab, Hellion x3  
  124  10:22  Siege Tank  
  124  10:25  Siege Tank  
  130  10:29  Terran Vehicle Weapons Level 2  
  130  10:34  Hellion x3  
  130  10:35  Siege Tank, Cyclone  
  141  10:39  Command Center  
  139  10:52  Siege Tank  
  139  10:54  Hellion  
  139  10:55  Siege Tank, Hellion  
  149  10:57  Thor  
  149  11:15  Siege Tank  
  152  11:24  Thor  
  158  11:29  Thor  
  158  11:30  Hellion x3, SCV  
  158  11:31  SCV  
  174  11:32  SCV  
  171  11:43  SCV  
  171  11:45  Refinery x2  
  172  11:50  Siege Tank x2  
  175  11:55  Supply Depot  
  175  11:56  Planetary Fortress  
  175  11:57  Supply Depot  
  175  12:02  Missile Turret  
  170  12:20  Hellion x2  
  170  12:21  Thor, Hellion x2  
  190  12:22  Missile Turret  
  190  12:28  Thor  
  192  12:30  SCV x2  
  194  12:38  Armory  
  194  12:43  Command Center  
  188  12:59  Siege Tank, Hellion x4  
  188  13:02  Hellion x2  
  193  13:14  Thor  
  199  13:20  Planetary Fortress  
  199  13:23  Missile Turret  
  199  13:51  Refinery  
  199  13:52  Refinery  
  199  13:54  Refinery x2  
  199  13:56  Planetary Fortress, Command Center, Missile Turret  
  199  13:59  Sensor Tower  
  199  14:10  Missile Turret  
  199  14:18  Missile Turret  
  186  14:40  Missile Turret  
Tags
 
Add a new tag
Caveats
  • Supply blocks, unpowered buildings, or Contaminate may cause inaccurate times.
  • Supply counts are checked every 10 seconds.